 Dungeon Crawl Stone Soup version 0.24.0-41-g2ae2f7f1be (webtiles) character file.

Game seed: 6890091070869122614, levelgen mode: deterministic

2893067 pwr the Conqueror (level 27, 253/253 HPs)
             Began as a Minotaur Berserker on Dec 11, 2019.
             Was a High Priest of Trog.
             Escaped with the Orb
             ... and 5 runes on Dec 12, 2019!
             The game lasted 12:23:29 (82537 turns).

pwr the Conqueror (Minotaur Berserker)             Turns: 82537, Time: 12:23:30

Health: 253/253    AC: 66    Str: 23      XL:     27
Magic:  31/31      EV: 22    Int:  4      God:    Trog [*****.]
Gold:   4359       SH:  0    Dex: 20 (21) Spells: 26/26 levels left

rFire    + . .     SeeInvis .   z - +9 executioner's axe (vamp)
rCold    + + +     Gourm    .   (shield currently unavailable)
rNeg     . . .     Faith    .   Q - +16 crystal plate armour "Qumor" {rC+++ Dex+5 Stlth-}
rPois    +         Spirit   .   (helmet restricted)
rElec    +         Reflect  .   o - +2 cloak
rCorr    .         Harm     .   M - +2 pair of gloves {Dex+3}
MR       +++++     Rnd*Rage +   G - +2 pair of boots {run}
Stlth    ..........             X - amulet "Dofup" {RegenMP rElec rPois MR++ Dex-5}
HPRegen  0.52/turn              e - ring of protection from fire
MPRegen  0.47/turn              E - +3 ring of protection

@: quick
A: retaliatory headbutt, claws 1, hooves 1, horns 2, rugged brown scales 1, thin
metallic scales 2, berserk 1, blurry vision 1, clumsy 1, deterioration 2, frail
1, magic resistance 1, weak 1, subdued magic 1
0: Orb of Zot
}: 5/15 runes: barnacled, slimy, silver, abyssal, gossamer
a: Berserk, Trog's Hand, Brothers in Arms, Renounce Religion


You escaped.
You worshipped Trog.
Trog was extremely pleased with you.
You were very hungry.

You visited 11 branches of the dungeon, and saw 55 of its levels.
You visited the Abyss 1 time.
You also visited: Gauntlet.

You collected 7853 gold pieces.
You spent 3494 gold pieces at shops.

Inventory:

Hand Weapons
 z - a +9 vampiric executioner's axe (weapon)
 H - a +2 battleaxe of flaming
 R - a +9 antimagic executioner's axe
Armour
 h - the +5 hat of Yredelemnul's Scorn {rElec MR+ Str+3}
   (You acquired it on level 3 of the Vaults)

   It affects your strength (+3).
   It insulates you from electricity.
   It affects your resistance to hostile enchantments.
 o - a +2 cloak (worn)
 x - a scarf of repulsion
 G - a +2 pair of boots of running (worn)
 M - a +2 pair of gloves of dexterity (worn)
 Q - the +16 crystal plate armour "Qumor" (worn) {rC+++ Dex+5 Stlth-}
   (You took it off a vault warden on level 5 of the Vaults)

   It affects your dexterity (+5).
   It renders you almost immune to cold.
   It makes you less stealthy.
Jewellery
 e - a ring of protection from fire (left hand)
 n - the ring "Asiwkiab" {rPois Int+4 Dex+4 SInv}
   (You bought it in a shop on level 4 of the Vaults)

   [ring of see invisible]

   It affects your intelligence (+4).
   It affects your dexterity (+4).
   It protects you from poison.
   It lets you see invisible.
 E - a +3 ring of protection (right hand)
 T - an uncursed ring of protection from magic
 W - an uncursed ring of resist corrosion
 X - the amulet "Dofup" (around neck) {RegenMP rElec rPois MR++ Dex-5}
   (You found it on level 2 of the Abyss)

   [amulet of magic regeneration]

   It increases your magic regeneration.
   It affects your dexterity (-5).
   It insulates you from electricity.
   It protects you from poison.
   It affects your resistance to hostile enchantments.
Wands
 j - a wand of digging (43)
 t - a wand of iceblast (62)
 u - a wand of polymorph (21)
 A - a wand of clouds (11)
 J - a wand of disintegration (41)
 N - a wand of paralysis (10)
 P - a wand of scattershot (13)
 U - a wand of acid (20)
 V - a wand of enslavement (28)
Scrolls
 a - 14 scrolls of teleportation
 k - 5 scrolls of holy word
 m - 5 scrolls of fear
 p - 8 scrolls of blinking
 r - a scroll of summoning
 v - 12 scrolls of magic mapping
 w - 27 scrolls of remove curse
 C - 21 scrolls of identify
 F - 9 scrolls of fog
 L - 6 scrolls of enchant weapon
 Z - 3 scrolls of silence
Potions
 b - 9 potions of heal wounds
 d - 27 potions of curing
 f - 7 potions of might
 g - 5 potions of brilliance
 i - 16 potions of haste
 l - 6 potions of cancellation
 s - 3 potions of ambrosia
 B - 4 potions of resistance
 K - a potion of invisibility
 O - 5 potions of agility
Miscellaneous
 q - a lightning rod (3/4)
 y - a phantom mirror
 D - a phial of floods (inert)
 I - a fan of gales
 S - a lamp of fire
 Y - a sack of spiders
Comestibles
 c - 68 rations


   Skills:
 O Level 27 Fighting
 O Level 27 Axes
   Level 4.8(19.1) Maces & Flails
 O Level 27 Armour
 O Level 27 Dodging
 + Level 10.0 Stealth
 + Level 12.5 Evocations


You had 26 spell levels left.
You didn't know any spells.
Your spell library was empty.

Dungeon Overview and Level Annotations

Branches:
Dungeon (15/15)            Temple (0/1) D:5            Lair (6/6) D:10
 Shoals (4/4) Lair:3       Spider (4/4) Lair:3        Slime (5/5) Lair:5
    Orc (2/2) D:10            Elf (3/3) Orc:2        Vaults (5/5) D:13
  Crypt (0/3) Vaults:2     Depths (5/5) D:15           Hell (visited)
    Zot (5/5) Depths:5    Gauntlet (visited)
    Dis: Hell:1         Geh: Hell:1         Coc: Hell:1         Tar: Hell:1

Altars:
Ashenzari
Cheibriados
Elyvilon
Hepliaklqana
Kikubaaqudgha
Makhleb
Nemelex Xobeh
Okawaru
Qazlal
Trog
Uskayaw
Wu Jian
Xom
Yredelemnul
The Shining One
Beogh

Shops:
D:6 *   Orc:2 %*:(   Shoals:1 [   Vaults:2 !   Vaults:4 =

Portals:
Hell: Depths:1 Depths:2 Depths:3 Depths:4 Depths:5
Abyss: Depths:1 Depths:2 Depths:4
Pandemonium: Orc:2 Depths:3
Ziggurat: Depths:5
Trove: Elf:2 (give 17 scrolls of teleportation)

Annotations:
D:4 1 runed translucent door
Hell Geryon


Innate Abilities, Weirdness & Mutations

You reflexively headbutt those who attack you in melee.
You have a pair of horns on your head.
You have sharp fingernails.
You have large cloven feet.
You are partially covered in rugged brown scales. (AC +1, +3% HP)
You are mostly covered in thin metallic scales. (AC +3)
You tend to lose your temper in combat.
Scrolls take you a little longer to read.
You are clumsy. (Dex -2)
Your body often deteriorates upon taking damage.
You are frail. (-10% HP)
You are resistant to hostile enchantments. (MR+)
You are weak. (Str -2)
Your spells are a little easier to cast, but a little less powerful.


Message History

You hit the wraith.
The phantasmal warrior completely misses you.
You furiously retaliate!
You headbutt the phantasmal warrior, but do no damage.
The wraith completely misses you. You furiously retaliate!
You headbutt the wraith! The Ice Fiend gestures at you.
The bolt of cold hits the wraith!!
The wraith resists.
The wraith is destroyed!
The bolt of cold hits you but does no damage.
The bolt of cold hits the phantasmal warrior!!
The phantasmal warrior resists.
The phantasmal warrior blinks!
Egyfareudgh gestures.
Egyfareudgh flickers and vanishes!
Deactivating autopickup; reactivate with Ctrl-A.
There is an open door here.
You are feeling very hungry.
There is a staircase leading out of the dungeon here.
You have escaped!

......##........##.#..#.####.##.#
##...W##..#####.##.#..#.####.##.#
..###1##...W....##.#..#.#.##.##.#
..# #.#{.###..######..#.#.##....#
..# #1W### ##'## ##...#.##.##.#
..# #.## #...# #.###.##..... ..#
#.# #...# #.# #.##.##.. ..# #§#
###...### #.# #.##.#### ..# #.#
#......@# #.# #.##.# # ###
#.####.......####.###.##.# #
#.#.............#........# #
#.'......⌠......'.###.##.# #
#.#.............#.# #.##.####
#.####.......####.# #........ #.#
#.......# #.# #........ #.#
###..)### #.# #.####### #.# #...#
#.# #.# #


There were no monsters in sight!

Vanquished Creatures
  the Royal Jelly (Slime:5)
  6 ancient liches
  4 orbs of fire
  A juggernaut (Depths:2)
  Sojobo (Depths:5)
  Saint Roka (Depths:4)
  5 caustic shrikes
  5 Killer Klowns
  2 curse toes (Zot:4)
  2 pandemonium lords
  A bone dragon (Abyss:3)
  8 golden dragons
  A profane servitor (Abyss:1)
  Arachne (Spider:4)
  Jorgrun (Spider:2)
  3 electric golems
  10 tentacled monstrosities
  5 deep elf blademasters
  4 titans (Vaults:5)
  3 liches
  A Hell Sentinel (Depths:5)
  9 quicksilver dragons
  32 Orb Guardians
  Asterion (Spider:2)
  An Ice Fiend (Depths:5)
  2 deep elf master archers (Elf:3)
  2 Executioners
  A sphinx (Vaults:4)
  19 acid blobs (Slime:5)
  13 tentacled starspawn
  Kirke (Elf:1)
  5 shadow dragons
  Polyphemus (Shoals:2)
  Agnes (Spider:2)
  Gastronok (Lair:2)
  9 death cobs
  A thorn hunter (Abyss:3)
  A storm dragon (shapeshifter) (Vaults:3)
  8 tengu reavers
  The ghost of Honosyedgha the Warrior, an adept GrBe of Trog (Spider:1)
  13 azure jellies
  12 storm dragons
  13 deep elf sorcerers
  3 draconian monks
  18 frost giants
  10 draconian knights
  Ilsuiw (Shoals:4)
  8 fire giants
  7 emperor scorpions
  9 ghost moths
  3 iron dragons
  A cacodemon (Depths:5)
  5 draconian scorchers
  19 vault wardens
  4 deep elf elementalists
  An orc warlord (Orc:2)
  An angel (Abyss:3)
  3 draconian shifters
  A war gargoyle (Vaults:5)
  Louise (Depths:2)
  A balrug (Depths:1)
  4 draconian stormcallers
  3 draconian annihilators
  17 ironheart preservers
  19 stone giants
  An ophan (Abyss:1)
  A blood saint (Depths:3)
  23 very ugly things
  2 reapers
  5 spriggan defenders
  A corrupter (Depths:5)
  2 vampire knights
  A black sun (Depths:3)
  8 entropy weavers
  6 spark wasps
  7 deep elf annihilators
  8 deep elf demonologists
  2 lorocyprocas
  7 green draconians
  7 white draconians
  9 yellow draconians
  2 pale draconians (Depths:5)
  13 red draconians
  A minotaur (Gauntlet)
  7 black draconians
  16 purple draconians
  A blizzard demon (Abyss:3)
  5 merfolk javelineers (Shoals:4)
  A fire dragon (shapeshifter) (Vaults:4)
  15 ettins
  5 death oozes
  9 deep elf death magi
  A green death (Abyss:1)
  9 fire dragons
  14 merfolk impalers
  A jiangshi (Abyss:3)
  2 eidola
  The ghost of Zusoliwk the Archer, a journeyman CeHu of Okawaru (Lair:1)
  17 ogre magi
  5 great orbs of eyes
  9 deep elf high priests
  A quicksilver dragon skeleton (Abyss:1)
  18 yaktaur captains
  10 ice dragons
  9 rakshasas
  7 hydras
  A hell beast (Depths:3)
  24 vault guards
  A catoblepas (Shoals:3)
  Erica (Orc:1)
  5 merfolk avatars
  An anaconda (shapeshifter) (Vaults:5)
  16 centaur warriors
  6 merfolk aquamancers
  4 death knights
  5 spriggan air magi
  45 two-headed ogres
  2 naga warriors
  A satyr (shapeshifter) (Vaults:5)
  An alligator (shapeshifter) (Vaults:4)
  A satyr (Shoals:2)
  A queen ant (Lair:2)
  2 alligator snapping turtles
  4 death yaks
  3 hell hogs (Abyss:3)
  2 deep troll earth magi (Depths:2)
  6 tengu warriors
  4 vampire magi
  4 deep troll shamans
  18 dancing weapons
  5 spriggan berserkers
  10 thrashing horrors
  7 orc high priests
  Nergalle (Lair:4)
  Sonja (Lair:2)
  27 deep elf knights
  4 hell knights (Depths:4)
  2 iron trolls (Depths:2)
  3 soul eaters
  2 sun demons
  13 wretched stars
  2 shadow wraiths
  A storm dragon skeleton (Depths:1)
  6 sea snakes
  2 sixfirhies
  3 skeletal warriors
  5 shadow demons
  2 spatial maelstroms (Abyss:3)
  An anaconda zombie (Abyss:1)
  A deep troll (shapeshifter) (Vaults:5)
  8 deep trolls
  A swamp dragon (Abyss:3)
  5 unseen horrors
  A glowing orange brain (shapeshifter) (Depths:5)
  3 infernal demonspawn
  10 flayed ghosts
  A death drake (shapeshifter) (Abyss:3)
  A gelid demonspawn (Orc:2)
  7 glowing orange brains
  17 orc knights
  4 wizards
  25 deep elf archers
  An orange crystal statue (Depths:1)
  2 wolf spider zombies
  4 phantasmal warriors
  61 deep elf magi
  15 ironbrand convokers
  13 harpies
  8 orc sorcerers
  52 ugly things
  2 shining eyes
  22 orb spiders
  42 wolf spiders
  4 necromancers
  An iron dragon zombie (Depths:3)
  10 manticores
  A stone giant zombie (D:15)
  7 worldbinders
  A mana viper (Abyss:3)
  A shining eye (shapeshifter) (Vaults:3)
  A tengu skeleton (D:15)
  A fire giant skeleton (Depths:3)
  8 fauns
  6 cyclopes
  2 centaur zombies
  A cyclops (shapeshifter) (Depths:2)
  41 moths of wrath
  13 merfolk sirens
  15 apocalypse crabs
  5 water nymphs
  3 rust devils
  A toenail golem (Depths:5)
  A naga mage (Abyss:3)
  2 torpor snails (Lair:4)
  A frost giant skeleton (Depths:3)
  4 guardian serpents
  6 elephants (Lair:3)
  12 black mambas
  A spiny frog (shapeshifter) (Vaults:1)
  15 spiny frogs
  11 smoke demons
  2 eyes of devastation
  4 orange demons
  16 vault sentinels
  A gargoyle (D:15)
  2 rime drakes (shapeshifter)
  4 rime drakes
  8 freezing wraiths
  A kobold demonologist (D:11)
  4 hellions
  An elf skeleton (Depths:3)
  3 efreet (Abyss:1)
  72 yaktaurs
  8 hellwings
  A minotaur zombie (Gauntlet)
  An ice devil (Abyss:3)
  6 komodo dragons
  2 guardian mummies
  4 tormentors
  A silent spectre (Abyss:3)
  9 demonic crawlers
  3 tengu conjurers
  A jumping spider (shapeshifter) (Depths:2)
  8 red devils
  12 ancient zymes
  9 trolls
  A queen bee (Lair:1)
  A troll (shapeshifter) (Abyss:3)
  2 polar bears
  29 jumping spiders
  32 merfolk
  12 wind drakes
  31 raiju
  A shadow dragon simulacrum (Depths:3)
  2 raiju (shapeshifter)
  3 meliai (shapeshifter)
  21 hornets
  A hornet (shapeshifter) (Depths:3)
  An ice dragon zombie (D:15)
  A dream sheep (shapeshifter) (Depths:2)
  9 snapping turtles
  8 hippogriffs
  61 slime creatures
  11 blink frogs
  9 dream sheep
  24 large abominations
  A slime creature (shapeshifter) (Depths:1)
  A spriggan (shapeshifter) (Depths:4)
  A frost giant simulacrum (Depths:1)
  An ice dragon skeleton (D:15)
  49 starcursed masses
  7 spriggans
  An air elemental (Elf:1)
  A fire dragon skeleton (Depths:1)
  76 redbacks
  11 ynoxinuls
  3 shadows
  A tarantella (shapeshifter) (Vaults:3)
  11 wyverns
  An ettin skeleton (Depths:1)
  5 wraiths
  38 yaks
  Eustachio (D:6)
  A fire bat (shapeshifter) (Depths:5)
  19 tarantellas
  A golden eye (shapeshifter) (Depths:1)
  21 water elementals
  A yak (shapeshifter) (Abyss:1)
  2 fire elementals (Elf:2)
  A hog (shapeshifter) (Vaults:1)
  6 hogs (Elf:1)
  3 fire bats (D:15)
  8 neqoxecs
  6 steam dragons
  A black mamba skeleton (Abyss:1)
  9 golden eyes
  9 humans (D:13)
  3 basilisks
  4 hungry ghosts
  A basilisk (shapeshifter) (Depths:1)
  4 vampire mosquitoes (D:12)
  7 chaos spawn
  Edmund (D:4)
  Menkaure (D:7)
  3 acid dragons (Depths:5)
  5 wargs
  3 nagas
  2 spatial vortices (Abyss:3)
  27 water moccasins
  6 soldier ants
  A spiny frog zombie (Abyss:1)
  Duvessa (D:6)
  14 hell hounds
  10 porcupines
  A black bear (D:11)
  3 ice beasts
  51 orc warriors
  3 sky beasts
  3 eyes of draining
  2 phantoms
  6 boggarts
  The ghost of dscm the Shield-Bearer, an amateur FoFi (D:4)
  An ettin simulacrum (Abyss:1)
  A necrophage (D:12)
  42 ogres
  A snapping turtle skeleton (Abyss:1)
  28 centaurs
  2 wolves (Lair:5)
  A manticore skeleton (Abyss:1)
  25 crocodiles
  3 big kobolds
  21 bullfrogs
  A deep troll simulacrum (Vaults:3)
  3 earth elementals
  31 small abominations
  Dowan (D:6)
  4 scorpions
  18 killer bees
  16 wights
  A vampire bat (D:15)
  3 howler monkeys
  4 electric eels
  3 bullfrog zombies
  20 orc priests
  5 quasits
  10 crimson imps
  6 hounds
  12 jellies
  3 bullfrog skeletons
  17 orc wizards
  5 iguanas
  4 iron imps
  7 centaur skeletons
  Ijyb (D:3)
  25 worker ants
  A killer bee zombie (D:6)
  Robin (D:3)
  8 gnolls
  12 adders
  A river rat (D:4)
  4 shadow imps
  4 white imps (Abyss:3)
  8 ufetubi
  7 oozes
  3 adder zombies (D:8)
  An adder skeleton (D:4)
  5 worms
  2 dart slugs
  2 leopard geckos
  80 orcs
  12 bats
  8 giant cockroaches
  15 goblins
  13 hobgoblins
  8 jackals
  22 kobolds
  8 quokkas
  5 ball pythons
  5 frilled lizards
  A quokka skeleton (D:4)
  4 rats
  4 crawling corpses (Elf:3)
  A fungus (Lair:2)
  2 lurking horrors (Abyss:3)
  8 plants
  10 starspawn tentacles
  A withered plant (D:15)
2851 creatures vanquished.

Vanquished Creatures (collateral kills)
  Mara (Elf:3)
  A golden dragon (Zot:4)
  3 vault guards (Vaults:5)
  A two-headed ogre (Vaults:5)
  A deep troll (Depths:2)
  2 large abominations (Abyss:3)
  An orb spider (Spider:4)
  A manticore (Shoals:1)
  A moth of wrath (Zot:4)
  An apocalypse crab (Depths:4)
  A neqoxec (D:7)
  A small abomination (Abyss:3)
15 creatures vanquished.

Vanquished Creatures (others)
  A Tzitzimitl (Depths:5)
  A naga mage (Abyss:1)
  A smoke demon (Abyss:3)
  A yaktaur (Vaults:2)
  A jumping spider (Spider:4)
  A human (D:13)
  A tarantella (Spider:3)
  2 orc warriors
  A small abomination (Abyss:3)
  An orc priest (Vaults:4)
  A white imp (Abyss:3)
  An orc (Depths:4)
  35 fungi
  2 lurking horrors
  34 plants
  29 starspawn tentacles
113 creatures vanquished.

Grand Total: 2979 creatures vanquished

Notes
Turn   | Place    | Note
-------+----------+-------------------------------------------
     0 | D:1      | pwr the Minotaur Berserker began the quest for the Orb.
     0 | D:1      | Reached XP level 1. HP: 19/19 MP: 0/0
   442 | D:1      | Reached XP level 2. HP: 27/27 MP: 1/1
  1028 | D:2      | Reached XP level 3. HP: 31/33 MP: 2/2
  1042 | D:2      | Reached ** piety under Trog
  1194 | D:2      | Found a burning altar of Makhleb.
  1196 | D:2      | Reached XP level 4. HP: 32/41 MP: 3/3
  1369 | D:2      | Found a burning altar of Makhleb.
  1369 | D:2      | Noticed a balrug
  1375 | D:2      | Noticed a ynoxinul
  1375 | D:2      | Noticed a ynoxinul
  1443 | D:3      | Noticed Robin
  1460 | D:3      | Killed Robin
  1460 | D:3      | Reached XP level 5. HP: 44/47 MP: 4/4
  1461 | D:3      | Reached *** piety under Trog
  1932 | D:3      | Noticed Ijyb
  1949 | D:3      | Killed Ijyb
  2229 | D:3      | Found a shattered altar of Ashenzari.
  2304 | D:3      | Reached skill level 5 in Axes
  2433 | D:3      | Found a snail-covered altar of Cheibriados.
  2900 | D:4      | Found a runed translucent door.
  2989 | D:4      | Noticed an ogre
  2993 | D:4      | Killed an ogre
  2993 | D:4      | Reached skill level 5 in Fighting
  2993 | D:4      | Reached XP level 6. HP: 56/56 MP: 5/5
  3272 | D:4      | Noticed Edmund
  3281 | D:4      | Killed Edmund
  3335 | D:4      | Noticed dscm's ghost (amateur FoFi)
  3343 | D:4      | Reached XP level 7. HP: 62/62 MP: 6/6
  3346 | D:4      | Reached skill level 1 in Maces & Flails
  3346 | D:4      | Reached skill level 5 in Armour
  3349 | D:4      | Killed dscm's ghost
  3353 | D:4      | Found a runed translucent door.
  3864 | D:5      | Entered Level 5 of the Dungeon
  4125 | D:5      | Found a staircase to the Ecumenical Temple.
  4760 | D:6      | Reached skill level 5 in Dodging
  4806 | D:6      | Reached XP level 8. HP: 48/71 MP: 7/7
  4966 | D:6      | Noticed Eustachio
  4979 | D:6      | Killed Eustachio
  5168 | D:6      | Noticed Dowan
  5169 | D:6      | Noticed Duvessa
  5176 | D:6      | Reached **** piety under Trog
  5184 | D:6      | Killed Dowan
  5277 | D:6      | Killed Duvessa
  5316 | D:6      | Found Kierghuc's Elemental Accessories.
  5428 | D:6      | Found a bloodstained altar of Trog.
  5429 | D:6      | Found a stormy altar of Qazlal.
  5699 | D:7      | Reached XP level 9. HP: 68/82 MP: 8/8
  5914 | D:7      | Noticed Menkaure
  5916 | D:7      | Killed Menkaure
  6026 | D:7      | Found a hide-covered altar of Uskayaw.
  6064 | D:7      | Found a shimmering altar of Xom.
  6065 | D:7      | Found a hazy altar of Hepliaklqana.
  6066 | D:7      | Noticed a spectral ugly thing
  6439 | D:7      | Found a glowing golden altar of the Shining One.
  6714 | D:8      | Found a basalt altar of Yredelemnul.
  6726 | D:8      | Reached ***** piety under Trog
  7551 | D:9      | Reached XP level 10. HP: 93/93 MP: 9/9
  7929 | D:9      | Reached skill level 10 in Fighting
  8131 | D:9      | Found a sparkling altar of Nemelex Xobeh.
  8178 | D:9      | Received a gift from Trog
  8235 | D:9      | Found an iron altar of Okawaru.
  8235 | D:9      | Found an ornate altar of the Wu Jian Council.
  8241 | D:9      | Found a faded altar of an unknown god.
  8243 | D:9      | Found a white marble altar of Elyvilon.
  8244 | D:9      | Found a faded altar of an unknown god.
  8343 | D:10     | Entered Level 10 of the Dungeon
  8487 | D:10     | Reached skill level 10 in Armour
  9243 | D:10     | Found a staircase to the Lair.
  9393 | D:10     | Found a staircase to the Orcish Mines.
  9413 | D:10     | Reached skill level 10 in Axes
  9524 | D:11     | Killed an unseen horror
  9625 | D:11     | Reached XP level 11. HP: 102/102 MP: 10/10
  9634 | D:11     | Noticed a two-headed ogre
  9646 | D:11     | Killed a two-headed ogre
 10463 | D:11     | Received a gift from Trog
 10597 | D:11     | Noticed a six-headed hydra
 10613 | D:11     | Killed a six-headed hydra
 11024 | D:11     | Noticed a cyan ugly thing
 11033 | D:11     | Killed a cyan ugly thing
 11330 | Lair:1   | Entered Level 1 of the Lair of Beasts
 11613 | Lair:1   | Noticed an eight-headed hydra
 11638 | Lair:1   | Killed an eight-headed hydra
 11733 | Lair:1   | Found a transporter.
 11734 | Lair:1   | Found a transporter.
 11735 | Lair:1   | Noticed Zusoliwk's ghost (journeyman CeHu)
 12605 | Lair:2   | Noticed Sonja
 12608 | Lair:2   | Killed Sonja
 12629 | Lair:3   | Reached XP level 12. HP: 102/113 MP: 11/11
 12676 | Lair:2   | Reached skill level 1 in Evocations
 12722 | Lair:2   | Noticed a queen ant
 12743 | Lair:2   | Killed a queen ant
 13192 | Lair:2   | Noticed a six-headed hydra
 13205 | Lair:2   | Killed a six-headed hydra
 13838 | Lair:2   | Noticed Gastronok
 13845 | Lair:2   | Killed Gastronok
 14441 | Lair:3   | Found a hole to the Spider Nest.
 14521 | Lair:3   | Received a gift from Trog
 15143 | Lair:3   | Found a staircase to the Shoals.
 15150 | Lair:3   | Reached XP level 13. HP: 101/122 MP: 15/15
 15341 | Lair:4   | Noticed Nergalle
 15560 | Lair:4   | Killed Nergalle
 16642 | Lair:5   | Reached skill level 15 in Axes
 16720 | Lair:5   | Received a gift from Trog
 16886 | Lair:5   | Found an ancient bone altar of Kikubaaqudgha.
 17090 | Lair:5   | Found a staircase to the Slime Pits.
 17519 | Slime:1  | Entered Level 1 of the Pits of Slime
 17540 | Lair:6   | Entered Level 6 of the Lair of Beasts
 18062 | Lair:6   | Received a gift from Trog
 19086 | Lair:6   | Reached XP level 14. HP: 117/133 MP: 16/16
 21847 | D:12     | Reached skill level 15 in Armour
 23912 | D:13     | Found a gate to the Vaults.
 24025 | D:13     | Received a gift from Trog
 24803 | Orc:1    | Entered Level 1 of the Orcish Mines
 24919 | Orc:1    | Noticed Erica
 24928 | Orc:1    | Killed Erica
 25102 | Orc:2    | Entered Level 2 of the Orcish Mines
 25247 | Orc:2    | Noticed an orc warlord
 25268 | Orc:2    | Killed an orc warlord
 25542 | Orc:2    | Found a staircase to the Elven Halls.
 25549 | Orc:2    | Found a roughly hewn altar of Beogh.
 25601 | Orc:2    | Found Gil Ceh's General Store.
 25651 | Orc:1    | Reached ****** piety under Trog
 25986 | Orc:2    | Received a gift from Trog
 26107 | Orc:2    | Found Sacyt's Food Shop.
 26214 | Orc:2    | Bought a scroll of enchant weapon for 105 gold pieces
 26214 | Orc:2    | Bought 2 potions of curing for 84 gold pieces
 27339 | Orc:2    | Reached XP level 15. HP: 139/139 MP: 5/17
 27341 | Orc:2    | Found Qiptuilyt's Antique Weapon Emporium.
 27341 | Orc:2    | Found a one-way gate leading to the halls of Pandemonium.
 27341 | Orc:2    | Found Doanimeq's Book Shoppe.
 27680 | D:6      | Bought a wand of flame (11) for 71 gold pieces
 27680 | D:6      | Bought a phial of floods for 440 gold pieces
 27904 | Lair:1   | Killed Zusoliwk's ghost
 28599 | D:14     | Found a snail-covered altar of Cheibriados.
 28713 | D:14     | Received a gift from Trog
 28795 | D:15     | Entered Level 15 of the Dungeon
 28795 | D:15     | Found a gate leading to a gauntlet.
 28850 | Gauntlet | Entered a Gauntlet
 28850 | Gauntlet | Found a transporter.
 28850 | Gauntlet | Found a transporter.
 28850 | Gauntlet | Found a transporter.
 28871 | Gauntlet | Found a transporter.
 28875 | Gauntlet | Found a transporter.
 28885 | Gauntlet | Found a transporter.
 28889 | Gauntlet | Found a transporter.
 28899 | Gauntlet | Found a transporter.
 28921 | Gauntlet | Found a transporter.
 28927 | Gauntlet | Found a transporter.
 28930 | Gauntlet | Found a transporter.
 28940 | Gauntlet | Found a transporter.
 29179 | Gauntlet | Got a fine cloak
 29194 | Gauntlet | Identified the +1 cloak of Deff {*Drain rElec rC- Regen+}
                  | (You found it in a Gauntlet)
 29744 | D:15     | Found a staircase to the Depths.
 30357 | D:14     | Identified 3 scrolls of acquirement
 30676 | D:15     | Reached skill level 15 in Fighting
 30981 | Spider:1 | Entered Level 1 of the Spider Nest
 30997 | Spider:1 | Found a runed translucent door.
 30997 | Spider:1 | Found a shimmering altar of Xom.
 30997 | Spider:1 | Noticed Honosyedgha's ghost (adept GrBe)
 31131 | Spider:1 | Killed Honosyedgha's ghost
 31828 | Spider:1 | Killed a ghost moth
 31994 | Spider:1 | Received a gift from Trog
 32247 | Spider:2 | Reached skill level 5 in Evocations
 32247 | Spider:2 | Reached XP level 16. HP: 97/149 MP: 6/18
 32580 | Spider:2 | You are sucked into a shaft and drop 1 floor!
 33047 | Spider:3 | Noticed Asterion
 33049 | Spider:3 | Noticed an Executioner
 33161 | Spider:2 | Received a gift from Trog
 33424 | Spider:3 | Noticed Jorgrun
 33461 | Spider:2 | Killed Jorgrun
 34322 | Spider:3 | Noticed Agnes
 34334 | Spider:2 | Killed Agnes
 34489 | Spider:2 | Killed Asterion
 34936 | Spider:4 | Entered Level 4 of the Spider Nest
 35225 | Spider:4 | Received a gift from Trog
 35486 | Spider:3 | Reached skill level 10 in Dodging
 35716 | Spider:4 | Noticed Arachne
 35732 | Spider:4 | Killed Arachne
 35732 | Spider:4 | Reached XP level 17. HP: 160/160 MP: 6/19
 36313 | Spider:4 | Paralysed by a hornet for 2 turns
 37041 | Spider:4 | Got a gossamer rune of Zot
 37584 | Shoals:1 | Entered Level 1 of the Shoals
 37615 | Lair:3   | Received a gift from Trog
 38111 | Shoals:1 | Found Teagixut's Armour Shop.
 39583 | Shoals:2 | Received a gift from Trog
 40485 | Shoals:3 | Noticed Polyphemus
 40506 | Shoals:2 | Killed Polyphemus
 41616 | Shoals:3 | Reached XP level 18. HP: 149/171 MP: 6/20
 41877 | Shoals:4 | Entered Level 4 of the Shoals
 42057 | Vaults:1 | Entered Level 1 of the Vaults
 42199 | Vaults:1 | Received a gift from Trog
 44552 | Vaults:2 | Received a gift from Trog
 45418 | Vaults:2 | Found Xehui's Distillery.
 45944 | Vaults:2 | Reached XP level 19. HP: 180/180 MP: 21/21
 46286 | Vaults:2 | Found a staircase to the Crypt.
 47347 | Vaults:3 | Received a gift from Trog
 47416 | Vaults:3 | Got a smoking hat
 47427 | Vaults:3 | Identified the +5 hat of Yredelemnul's Scorn {rElec MR+
                  | Str+3} (You acquired it on level 3 of the Vaults)
 47569 | Vaults:1 | Identified a +0 pair of boots of running (You acquired it
                  | on level 1 of the Vaults)
 49330 | Vaults:4 | Received a gift from Trog
 49699 | Vaults:4 | Received a gift from Trog
 49833 | Vaults:4 | Reached XP level 20. HP: 200/200 MP: 22/22
 50549 | Vaults:4 | Found Umyd's Jewellery Boutique.
 50560 | Vaults:4 | Bought the ring "Asiwkiab" {rPois Int+4 Dex+4 SInv} for 946
                  | gold pieces
 50560 | Vaults:4 | Bought the ring "Jeuturr" {rElec rPois rN++ Str-5} for 748
                  | gold pieces
 50560 | Vaults:4 | Bought an uncursed amulet of guardian spirit for 660 gold
                  | pieces
 51678 | Shoals:4 | Received a gift from Trog
 51759 | Shoals:4 | Noticed Ilsuiw
 51814 | Shoals:4 | Killed Ilsuiw
 52243 | Shoals:4 | Received a gift from Trog
 52270 | Shoals:4 | Got a barnacled rune of Zot
 52664 | Depths:1 | Entered Level 1 of the Depths
 53207 | Depths:1 | Noticed a golden dragon
 53236 | Depths:1 | Killed a golden dragon
 53313 | Depths:1 | Received a gift from Trog
 53419 | Depths:1 | Found a one-way gate to the infinite horrors of the Abyss.
 53862 | Depths:1 | Found a gateway to Hell.
 54149 | Depths:2 | Reached XP level 21. HP: 209/209 MP: 25/25
 54623 | Depths:2 | Identified the ring of Compassion {rPois Dex+4 Stlth+}
 54623 | Depths:2 | Noticed a juggernaut
 54639 | Depths:2 | Killed a juggernaut
 55178 | Depths:2 | Received a gift from Trog
 55284 | Depths:2 | Noticed Louise
 55338 | Depths:2 | Killed Louise
 56466 | Hell     | Entered the Vestibule of Hell
 56466 | Hell     | Noticed Geryon
 56567 | Depths:3 | Reached skill level 15 in Dodging
 56660 | Depths:3 | Received a gift from Trog
 57023 | Depths:3 | Reached XP level 22. HP: 200/220 MP: 23/27
 57728 | Depths:4 | Received a gift from Trog
 58021 | Depths:4 | Noticed Saint Roka
 58028 | Depths:4 | Killed Saint Roka
 58800 | Depths:4 | Received a gift from Trog
 58860 | Depths:4 | Got a smelly leather armour
 58871 | Depths:4 | Identified the +1 leather armour of Seage {rPois Slay+2}
                  | (You found it on level 4 of the Depths)
 58974 | Depths:5 | Entered Level 5 of the Depths
 59021 | Depths:5 | Noticed Sojobo
 59040 | Depths:5 | Killed Sojobo
 59302 | Depths:5 | Noticed a golden dragon
 59314 | Depths:5 | Killed a golden dragon
 59328 | Depths:5 | Found a gate to the Realm of Zot.
 59441 | Depths:5 | Noticed a caustic shrike
 59442 | Depths:5 | Noticed a caustic shrike
 59443 | Depths:5 | Noticed a caustic shrike
 59444 | Depths:5 | Noticed a caustic shrike
 59445 | Depths:5 | Noticed a caustic shrike
 59448 | Depths:5 | Killed a caustic shrike
 59551 | Depths:4 | Killed a caustic shrike
 59845 | Depths:5 | Killed a caustic shrike
 59845 | Depths:5 | Reached XP level 23. HP: 232/232 MP: 22/28
 59847 | Depths:5 | Killed a caustic shrike
 60043 | Depths:5 | Found a gateway to a ziggurat.
 60509 | Elf:1    | Entered Level 1 of the Elven Halls
 60512 | Elf:1    | Received a gift from Trog
 60788 | Elf:1    | Noticed Kirke
 60802 | Elf:1    | Killed Kirke
 60946 | Elf:1    | Received a gift from Trog
 61677 | Elf:2    | Received a gift from Trog
 61962 | Elf:2    | Found a huge runed translucent gate.
 61964 | Elf:2    | Found a huge runed translucent gate.
 61967 | Elf:2    | Found a huge runed translucent gate.
 61968 | Elf:2    | Found a huge runed translucent gate.
 61968 | Elf:2    | Found a huge runed translucent gate.
 62167 | Elf:2    | Found a portal to a secret trove of treasure.
 62705 | Elf:3    | Entered Level 3 of the Elven Halls
 62712 | Elf:3    | Received a gift from Trog
 62739 | Elf:3    | Noticed Mara
 62749 | Elf:3    | Noticed pwr's illusion
 62778 | Elf:3    | Killed Mara
 63194 | Elf:3    | Reached XP level 24. HP: 243/243 MP: 23/28
 63195 | Elf:3    | Received a gift from Trog
 63396 | Elf:3    | Got a scintillating granite ring
 63399 | Elf:3    | Identified the ring of Captaemn {EV+4 Dex+2} (You found it
                  | on level 3 of the Elven Halls)
 63583 | Elf:3    | Got an agate-studded plate armour
 63621 | Elf:3    | Identified the +6 plate armour of Replucowk {rElec Str+4}
                  | (You found it on level 3 of the Elven Halls)
 63646 | Elf:3    | Got a brightly glowing copper ring
 63674 | Elf:3    | Identified the ring "Kemeuzoba" {rN+ MR- Str+2 Stlth-} (You
                  | found it on level 3 of the Elven Halls)
 64496 | Vaults:5 | Entered Level 5 of the Vaults
 64516 | Vaults:5 | Received a gift from Trog
 64529 | Vaults:5 | Identified the amulet of Viomaadu {Gourm rPois rC- Str+3
                  | Stlth+}
 64568 | Vaults:5 | Received a gift from Trog
 64572 | Vaults:5 | Noticed an ancient lich
 64582 | Vaults:5 | Identified the +6 leather armour of Hysteria {Str+6 Int-4
                  | SInv}
 64587 | Vaults:5 | Identified the +16 crystal plate armour "Qumor" {rC+++
                  | Dex+5 Stlth-}
 64596 | Vaults:4 | Killed an ancient lich
 65235 | Vaults:5 | Identified the amulet "Ojuss" {Faith Str+3 Stlth+}
 65275 | Vaults:5 | Received a gift from Trog
 65345 | Vaults:5 | Got a silver rune of Zot
 65452 | Vaults:5 | Identified the +8 shortbow of Impeachment {venom, rPois
                  | MP+9 Str-4}
 65462 | Vaults:5 | Reached XP level 25. HP: 255/255 MP: 28/28
 67113 | Depths:1 | Voluntarily entered the Abyss.
 67290 | Abyss:1  | Paralysed by accursed screaming for 1 turns
 67295 | Abyss:1  | Paralysed by accursed screaming for 1 turns
 67331 | Abyss:1  | Gained mutation: Scrolls take you a little longer to read.
                  | [a neqoxec]
 67367 | Abyss:1  | Noticed an ancient lich
 67382 | Abyss:1  | Killed an ancient lich
 67703 | Abyss:1  | Gained mutation: Scrolls take you longer to read. [a
                  | neqoxec]
 67804 | Abyss:1  | Gained mutation: You are weak. (Str -2) [a neqoxec]
 67806 | Abyss:1  | Gained mutation: You tend to lose your temper in combat. [a
                  | neqoxec]
 67807 | Abyss:1  | Gained mutation: You are somewhat resistant to further
                  | mutation. [a neqoxec]
 67899 | Abyss:1  | Received a gift from Trog
 68096 | Abyss:1  | Reached skill level 27 in Fighting
 68357 | Abyss:1  | Gained mutation: You are frail. (-10% HP) [a neqoxec]
 68812 | Abyss:2  | Found a shimmering blue altar of Sif Muna.
 68818 | Abyss:2  | Got a glittering copper amulet
 68823 | Abyss:2  | Identified the amulet "Dofup" {RegenMP rElec rPois MR++
                  | Dex-5} (You found it on level 2 of the Abyss)
 68910 | Abyss:3  | Found a shadowy altar of Dithmenos.
 68937 | Abyss:3  | Found a shadowy altar of Dithmenos.
 69054 | Abyss:3  | Received a gift from Trog
 69315 | Abyss:3  | Paralysed by accursed screaming for 1 turns
 69316 | Abyss:3  | Noticed an ancient lich
 69318 | Abyss:3  | Got an abyssal rune of Zot
 69738 | Abyss:3  | Gained mutation: Scrolls take you much longer to read. [a
                  | neqoxec]
 69765 | Abyss:3  | Received a gift from Trog
 69876 | Abyss:3  | Killed an ancient lich
 70145 | Abyss:3  | Received a gift from Trog
 70159 | Abyss:3  | Reached XP level 26. HP: 214/239 MP: 28/28
 70197 | Abyss:3  | Lost intelligence.
 70343 | Abyss:3  | Paralysed by accursed screaming for 1 turns
 71023 | Abyss:3  | Received a gift from Trog
 71086 | Depths:1 | Escaped the Abyss
 71201 | D:15     | Lost mutation: You are frail. (-10% HP) [potion of
                  | mutation]
 71201 | D:15     | Lost mutation: You tend to lose your temper in combat.
                  | [potion of mutation]
 71201 | D:15     | Lost mutation: Scrolls take you much longer to read.
                  | [potion of mutation]
 71201 | D:15     | Lost mutation: Scrolls take you longer to read. [potion of
                  | mutation]
 71201 | D:15     | Gained mutation: Your magical capacity is low. (-10% MP)
                  | [potion of mutation]
 71202 | D:15     | Lost mutation: You are somewhat resistant to further
                  | mutation. [potion of mutation]
 71202 | D:15     | Lost mutation: Your magical capacity is low. (-10% MP)
                  | [potion of mutation]
 71202 | D:15     | Gained mutation: You have an increased reservoir of magic.
                  | (+10% MP) [potion of mutation]
 71202 | D:15     | Gained mutation: You are partially covered in rugged brown
                  | scales. (AC +1, +3% HP) [potion of mutation]
 71384 | Lair:1   | Lost mutation: You have an increased reservoir of magic.
                  | (+10% MP) [potion of mutation]
 71384 | Lair:1   | Lost mutation: You are weak. (Str -2) [potion of mutation]
 71384 | Lair:1   | Lost mutation: Scrolls take you a little longer to read.
                  | [potion of mutation]
 71384 | Lair:1   | Gained mutation: You are dopey. (Int -2) [potion of
                  | mutation]
 71384 | Lair:1   | Gained mutation: Your spells are a little harder to cast,
                  | but a little more powerful. [potion of mutation]
 72048 | Vaults:4 | Bought an uncursed ring of resist corrosion for 440 gold
                  | pieces
 72388 | Slime:2  | Gained mutation: You are weak. (Str -2) [a shining eye]
 72646 | Slime:5  | Entered Level 5 of the Pits of Slime
 72836 | Slime:5  | Gained mutation: You tend to lose your temper in combat. [a
                  | shining eye]
 72838 | Slime:5  | Gained mutation: You are very weak. (Str -4) [a shining
                  | eye]
 72863 | Slime:5  | Noticed the Royal Jelly
 72873 | Slime:5  | Killed the Royal Jelly
 72935 | Slime:5  | Found the +8 storm bow {elec, penet}
 73007 | Slime:5  | Identified Sif Muna's Guide on Glacial Attacks
 73044 | Slime:5  | Got a slimy rune of Zot
 73556 | Shoals:3 | Lost mutation: You are very weak. (Str -4) [potion of
                  | mutation]
 73556 | Shoals:3 | Lost mutation: Your spells are a little harder to cast, but
                  | a little more powerful. [potion of mutation]
 73556 | Shoals:3 | Lost mutation: You tend to lose your temper in combat.
                  | [potion of mutation]
 73556 | Shoals:3 | Lost mutation: You are weak. (Str -2) [potion of mutation]
 73556 | Shoals:3 | Gained mutation: Scrolls take you a little longer to read.
                  | [potion of mutation]
 73556 | Shoals:3 | Gained mutation: You have a pair of large horns on your
                  | head. [potion of mutation]
 73556 | Shoals:3 | Gained mutation: You are partially covered in thin metallic
                  | scales. (AC +2) [potion of mutation]
 73556 | Shoals:3 | Gained mutation: You are mostly covered in thin metallic
                  | scales. (AC +3) [potion of mutation]
 73889 | Zot:1    | Entered Level 1 of the Realm of Zot
 74336 | Vaults:5 | Lost mutation: You are dopey. (Int -2) [potion of mutation]
 74336 | Vaults:5 | Lost mutation: Scrolls take you a little longer to read.
                  | [potion of mutation]
 74336 | Vaults:5 | Gained mutation: You have large cloven feet. [potion of
                  | mutation]
 74336 | Vaults:5 | Gained mutation: You have sharp fingernails. [potion of
                  | mutation]
 74336 | Vaults:5 | Gained mutation: You are resistant to hostile enchantments.
                  | (MR+) [potion of mutation]
 75028 | Zot:1    | Received a gift from Trog
 75194 | Zot:1    | Noticed an orb of fire
 75215 | Zot:1    | Killed an orb of fire
 75215 | Zot:1    | Reached skill level 27 in Armour
 76513 | Zot:2    | Reached XP level 27. HP: 281/281 MP: 10/28
 77510 | Zot:4    | Found a transporter.
 77531 | Zot:4    | Received a gift from Trog
 78345 | Zot:4    | Got a faintly glowing lead ring
 78348 | Zot:4    | Identified the ring "Uwitzi" {*Tele MR+ Int+3} (You found
                  | it on level 4 of the Realm of Zot)
 78354 | Zot:4    | Found a transporter.
 79003 | Zot:5    | Entered Level 5 of the Realm of Zot
 79038 | Zot:5    | Reached skill level 27 in Dodging
 79040 | Zot:5    | Reached skill level 1 in Stealth
 79478 | Zot:5    | Noticed an orb of fire
 79485 | Zot:5    | Received a gift from Trog
 79492 | Zot:5    | Gained mutation: You tend to lose your temper in combat.
                  | [an orb of fire]
 79493 | Zot:5    | Killed an orb of fire
 79498 | Zot:5    | Noticed an ancient lich
 79498 | Zot:5    | Noticed an orb of fire
 79500 | Zot:5    | Noticed an ancient lich
 79508 | Zot:5    | Killed an orb of fire
 79527 | Zot:5    | Killed an ancient lich
 79527 | Zot:5    | Reached skill level 5 in Stealth
 79541 | Zot:5    | Killed an ancient lich
 79560 | Zot:5    | Reached skill level 10 in Evocations
 79670 | Zot:5    | Noticed an orb of fire
 79683 | Zot:5    | Noticed an orb of fire
 79683 | Zot:5    | Gained mutation: Scrolls take you a little longer to read.
                  | [an orb of fire]
 79687 | Zot:5    | Noticed an ancient lich
 79692 | Zot:5    | Gained mutation: Your body sometimes deteriorates upon
                  | taking damage. [an orb of fire]
 79693 | Zot:5    | Lost mutation: Your body sometimes deteriorates upon taking
                  | damage. [an orb of fire]
 79700 | Zot:5    | Gained mutation: You are clumsy. (Dex -2) [an orb of fire]
 80137 | Zot:5    | Gained mutation: Your body sometimes deteriorates upon
                  | taking damage. [an orb of fire]
 80142 | Zot:5    | Gained mutation: You are weak. (Str -2) [an orb of fire]
 80144 | Zot:5    | Killed an ancient lich
 80164 | Zot:5    | Lost mutation: You tend to lose your temper in combat. [an
                  | orb of fire]
 80165 | Zot:5    | Killed an orb of fire
 80174 | Zot:5    | Lost mutation: You have a pair of large horns on your head.
                  | [an orb of fire]
 80175 | Zot:5    | Identified the +7 hand crossbow of Judgement {flame, *Drain
                  | MR+ Dex+5 Stlth+}
 80179 | Zot:5    | Gained mutation: Your spells are a little easier to cast,
                  | but a little less powerful. [an orb of fire]
 80241 | Zot:5    | Reached skill level 27 in Axes
 80703 | Zot:5    | Got the Orb of Zot
 80723 | Zot:5    | Gained mutation: You are frail. (-10% HP) [an orb of fire]
 80725 | Zot:5    | Gained mutation: Your body often deteriorates upon taking
                  | damage. [an orb of fire]
 81696 | Depths:5 | Gained mutation: You tend to lose your temper in combat. [a
                  | neqoxec]
 81712 | Depths:5 | Noticed Renifet the pandemonium lord
 81718 | Depths:5 | Killed Renifet the pandemonium lord
 82035 | Depths:1 | Received a gift from Trog
 82268 | D:7      | Noticed Abaum the pandemonium lord
 82280 | D:7      | Killed Abaum the pandemonium lord
 82377 | D:6      | Reached skill level 10 in Stealth
 82485 | D:3      | Noticed Iquloon the pandemonium lord
 82514 | D:1      | Noticed Egyfareudgh the pandemonium lord
 82537 | D:$      | Escaped with the Orb!

Levels and vault maps discovered:
D:1:      minmay_arrival_cross, layout_basic
D:2:      layout_rooms, old_standard_altar, makhleb_altar_promises_db
D:3:      wad_pebble_path, layout_basic, ashenzari_conservatory_becter,
          overflow_temple_1_default, first_ration, uniq_ijyb, uniq_robin
D:4:      layout_layer_cave, ebering_ghost_sewer_f, uniq_edmund
D:5:      layout_loops_ring, minmay_temple_entry_grid, skrybe_limestone_x
D:6:      layout_basic, gammafunk_temple_overflow_pools, nicolae_elemental_shop,
          chequers_serial_rivers_micro_c, uniq_duvessa, uniq_eustachio
D:7:      layout_basic, regret_index_temple_of_mockery, lemuel_crystal_altar,
          lemuel_round_altar, uniq_menkaure
D:8:      layout_cave_pools, lemuel_crystal_altar, grunt_ogre_cave
D:9:      layout_gridville, chequers_temple_overflow_minitemple, basic_altar
D:10:     layout_rooms, minmay_lair_entry_grove
D:11:     layout_loops_corners
D:12:     layout_stronghold, grunt_decor_mini_mirrors
D:13:     layout_layer_cave, ximxim_vaults_locker_room
D:14:     layout_rooms, basic_altar
D:15:     gammafunk_depths_entry_grave, layout_rooms, gauntlet_entry_generic,
          minmay_misc_feat_square, minivault_25, nicolae_water_bricks,
          hangedman_parallel_progression
Lair:1:   layout_chaotic_city, gammafunk_ghost_hive
Lair:2:   layout_chaotic_city, minmay_another_anthill, uniq_gastronok,
          uniq_sonja
Lair:3:   layout_misc_corridors, minmay_shoals_entry_hut, spider_nest_entry_webs
Lair:4:   layout_gridlike, uniq_nergalle
Lair:5:   wad_woods_stonehenge, layout_loops_ring, minmay_slime_entry_pillars,
          nicolae_quartered_pool_super
Lair:6:   hangedman_lair_tendril_chambers, layout_regular_city,
          lemuel_fruit_tree
Shoals:1: layout_shoals, serial_shops, shop_fountains
Shoals:2: layout_shoals
Shoals:3: layout_shoals, uniq_polyphemus
Shoals:4: shoals_end_grunt_ice, layout_shoals, shoals_ilsuiw_ice,
          nicolae_shoals_drake_roost
Spider:1: layout_spider_delve, ebering_ghost_xom, drop_trap
Spider:2: layout_spider_delve
Spider:3: layout_spider_delve, uniq_jorgrun, uniq_asterion, uniq_agnes
Spider:4: johnstein_spider_rune_arachne_lair
Slime:1:  layout_caves
Slime:2:  layout_caves, cheibrodos_slime_lost_civilization_5
Slime:3:  layout_caves
Slime:4:  layout_caves
Slime:5
Orc:1:    layout_caves, serial_shops, shop, shop, abandoned_shop, uniq_erica
Orc:2:    pf_orc_diabolical, layout_caves, basic_altar, special_room
Elf:1:    minmay_elf_arrival_circle, layout_loops_corners,
          hangedman_elf_represent, uniq_kirke
Elf:2:    layout_loops_cross, nicolae_trove_entry_path_of_doom
Elf:3:    minmay_elf_hall_hex, layout_gridlike, drop_trap, hex_medium, uniq_mara
Vaults:1: grunt_vaults_bifocal, hangedman_vaults_slice, vaults_dpeg_doors,
          ontoclasm_vaults_misaligned, st_octagons_1,
          nicolae_vaults_yaktaur_gun_rack, vaults_mumra_minichess_inversion,
          vaults_dpeg_encased_lava, nicolae_vaults_network_quincunx
          [nicolae_vaults_network_quincunx_subvault,
          nicolae_vaults_network_quincunx_subvault,
          nicolae_vaults_network_quincunx_subvault,
          nicolae_vaults_network_quincunx_subvault,
          nicolae_vaults_network_quincunx_subvault],
          nicolae_vaults_puzzle_piece, v_misc_12, layout_vaults_maze_bifur
Vaults:2: nicolae_vaults_specimen_jars, vaults_room_door_ring, vaults_mumra_lcd,
          st_spiral_rooms, v_misc_32, minmay_crypt_entry_simple_box,
          layout_vaults_omnigrid, serial_shops, shop
Vaults:3: v_misc_14, grunt_vaults_twisty, v_misc_16, vaults_room_hallway,
          ontoclasm_vaults_eye, nicolae_vaults_network_quinsquares
          [nicolae_vaults_network_quincunx_subvault,
          nicolae_vaults_network_quincunx_subvault,
          nicolae_vaults_network_quincunx_subvault,
          nicolae_vaults_network_quincunx_subvault], v_misc_30, v_pattern_3,
          nicolae_vaults_little_squares_3, nicolae_vaults_theta, v_misc_3,
          nicolae_vaults_shelves_hall, layout_vaults_omnicross
Vaults:4: nicolae_vaults_little_squares_6, nicolae_vaults_quartermaster,
          grunt_vaults_trifunnel, vaults_room_large_hall,
          ontoclasm_vaults_hangar, vaults_room_ringed_pool, vaults_room_fours,
          grunt_vaults_hallway_short, nicolae_vaults_little_squares_1,
          nicolae_vaults_shelves_hall, v_misc_29,
          nicolae_vaults_border_crossing, layout_vaults_big_room, serial_shops,
          shop
Vaults:5: serial_shops
Depths:1: minmay_glassy_protrusions, layout_basic, grunt_hell_entry_dis_old,
          abyss_entry, hangedman_decor_peaks_small, minmay_protected_statue
Depths:2: minmay_the_grid_triangle_9x9_recursive_3
          [minmay_the_grid_triangle_9x9_windchime,
          minmay_the_grid_triangle_9x9_swiss_cheese,
          minmay_the_grid_triangle_9x9_intruding_spiral,
          minmay_the_grid_triangle_9x9_prize_top_heavy,
          minmay_the_grid_triangle_9x9_flanged_cone,
          minmay_the_grid_triangle_9x9_stretched_checkered,
          minmay_the_grid_triangle_9x9_minimal,
          minmay_the_grid_triangle_9x9_thin_v,
          minmay_the_grid_triangle_9x9_longest], layout_gridlike,
          pf_hell_entry_tar_spiral, nicolae_abyss_entry_one_way_or_another,
          drop_trap
Depths:3: minmay_expanding_circles, layout_basic, bh_walls_and_bars,
          hellmouth_3, rand_demon_pan_entry_9
Depths:4: gammafunk_mikee_crab_dinner, layout_cave_pools, abyss_entry,
          hell_entry, minmay_parallelograms, minmay_fountain_box,
          infiniplex_staircase_river, uniq_saint_roka
Depths:5: evilmike_zot_entry_gauntlet, layout_basic, enter_ziggurat_e,
          grunt_decor_clamped, hell_entry, uniq_sojobo
Hell
Zot:1:    layout_gridville
Zot:2:    layout_concentric_octagons, grunt_megastairs_2
Zot:3:    layout_basic, st_stairs_12, grunt_megastairs_4
Zot:4:    gammafunk_the_bubble [the_bubble_gammafunk_split], layout_basic
Zot:5:    layout_basic

Skill      XL: |  1  2  3  4  5  6  7  8  9 10 11 12 13 14 15 16 17 18 19 20 21 22 23 24 25 26 27 |
---------------+----------------------------------------------------------------------------------+-----
Fighting       | 4 5 6 8 9 11 12 13 14 15 16 17 18 21 22 23 24 25 26 27 | 27.0
Axes           | 4 5 6 8 10 12 14 16 19 21 22 23 25 27 | 27.0
Armour         | 3 4 6 7 9 10 12 13 14 15 16 17 18 19 20 21 22 24 25 27 | 27.0
Dodging        | 3 4 5 6 7 8 10 13 15 17 18 20 22 24 27 | 27.0
Maces & Flails | 3 4 |  4.8
Evocations     | 4 5 7 8 12 | 12.5
Stealth        | 10 | 10.0

Action                   |  1- 3 |  4- 6 |  7- 9 | 10-12 | 13-15 | 16-18 | 19-21 | 22-24 | 25-27 || total
-------------------------+-------+-------+-------+-------+-------+-------+-------+-------+-------++-------
Melee: Hand axe          |    21 |       |       |       |       |       |       |       |       ||    21
       Headbutt          |    16 |    32 |    46 |   116 |   312 |   387 |   429 |   386 |   715 ||  2439
       Mace              |    69 |   106 |       |       |       |       |       |       |       ||   175
       Flail             |       |     4 |   111 |    26 |    32 |       |       |       |       ||   173
       Battleaxe         |       |       |   141 |   468 |   945 |  1198 |       |       |       ||  2752
       Broad axe         |       |       |       |       |   291 |       |       |       |       ||   291
       Dire flail        |       |       |       |       |    17 |       |       |       |       ||    17
       Executioner's axe |       |       |       |       |       |   104 |  1406 |  1196 |  2033 ||  4739
       Unarmed           |       |       |       |       |       |       |       |       |     4 ||     4
Throw: Dart              |       |       |    22 |     2 |    38 |    94 |    45 |    23 |       ||   224
       Boomerang         |       |       |       |       |    12 |     7 |       |       |       ||    19
       Javelin           |       |       |       |       |    10 |    30 |       |       |       ||    40
Invok: Berserk           |     1 |     5 |    10 |    11 |     8 |    14 |     2 |     5 |     4 ||    60
       Trog's Hand       |       |       |       |       |     2 |       |     2 |     2 |     6 ||    12
       Brothers in Arms  |       |       |       |       |       |       |       |     4 |     8 ||    12
 Abil: Evoke Flight      |       |       |       |     1 |       |       |       |       |       ||     1
Evoke: Wand              |       |       |       |    17 |    18 |     5 |     8 |     2 |    12 ||    62
       Lightning rod     |       |       |       |       |    12 |    22 |    28 |     7 |    11 ||    80
       Lamp of fire      |       |       |       |       |     2 |     6 |     8 |     4 |     8 ||    28
       Phial of floods   |       |       |       |       |     2 |     4 |     4 |     2 |     9 ||    21
       Phantom mirror    |       |       |       |       |       |     1 |       |       |       ||     1
       Fan of gales      |       |       |       |       |       |       |     1 |     1 |     1 ||     3
       Box of beasts     |       |       |       |       |       |       |       |     1 |     1 ||     2
  Use: Scroll            |     2 |     4 |     1 |     4 |    29 |     6 |    24 |     4 |    17 ||    91
       Potion            |       |       |       |       |     1 |     1 |     1 |     1 |    13 ||    17
 Stab: Distracted        |       |       |       |       |     1 |       |     2 |     3 |     2 ||     8
       Invisible         |       |       |       |       |       |       |       |     2 |     1 ||     3
       Petrifying        |       |       |       |       |       |       |       |     2 |       ||     2
  Eat: Chunk             |     2 |    11 |    14 |    17 |    29 |    20 |    17 |    23 |    20 ||   153
       Ration            |       |       |     3 |     6 |    10 |    11 |     6 |     3 |    13 ||    52
Armor: Plate armour      |    62 |    79 |   182 |   306 |   730 |  1001 |   504 |       |       ||  2864
       Gold dragon scale |       |       |       |       |       |       |   292 |   716 |       ||  1008
       Crystal plate arm |       |       |       |       |       |       |       |    55 |  1282 ||  1337
Dodge: Dodged            |    34 |    64 |   145 |   254 |   583 |   842 |   715 |   805 |  1622 ||  5064
       Deflected         |       |       |       |       |       |       |     4 |       |       ||     4
Block: Other             |       |       |       |    10 |    65 |   120 |    12 |       |       ||   207
       Reflection        |       |       |       |       |     4 |    11 |     3 |       |       ||    18
